 Dungeon Sprint DCSS version 0.19.4-8-ga85b6b9 (webtiles) character file.

109 protoss039 the Shield-Bearer (level 4, -8/45 HPs)
             Began as a Minotaur Fighter on Feb 7, 2017.
             Was an Initiate of Okawaru.
             Splashed by an oklob sapling wizard's acid (14 damage)
             ... in the Dungeon (Sprint IV: "Fedhas' Mad Dash").
             The game lasted 00:01:35 (330 turns).

protoss039 the Shield-Bearer (Minotaur Fighter)      Turns: 330, Time: 00:01:37

Health: -8/45      AC:  3    Str: 22    XL:     4   Next: 60%
Magic:  1/3        EV:  8    Int:  5    God:    Okawaru [......]
Gold:   50         SH: 10    Dex:  9    Spells: 0 memorised, 3 levels left

rFire  . . .     SeeInvis .     a - +0 war axe
rCold  . . .     Gourm    .     b - +0 scale mail
rNeg   . . .     Faith    .     c - +0 shield
rPois  .         Spirit   .     (helmet restricted)
rElec  .         Reflect  .     (no cloak)
rCorr  .         Harm     .     (no gloves)
MR     .....     NoTele   +     (no boots)
Stlth  ..........               p - amulet of invisibility {+Inv}
                                (no ring)
                                (no ring)

@: corroded, very slightly contaminated, invisible
A: retaliatory headbutt, horns 2
a: Renounce Religion, Turn Visible


You were in the Dungeon.
You worshipped Okawaru.
Okawaru was noncommittal.
You were not hungry.

You visited 1 branch You collected 50 gold pieces.

Inventory:

Hand Weapons
 a - a +0 war axe (weapon)
Armour
 b - a +0 scale mail (worn)
 c - a +0 shield (worn)
Jewellery
 p - the amulet of invisibility (around neck) {+Inv}
   (You found it in the Dungeon)

   [amulet of nothing]

   It lets you turn invisible.
Scrolls
 k - a scroll of blinking
 l - a scroll of fog {unknown}
Potions
 d - a potion of might
 e - a potion of curing
 g - a potion of heal wounds
 h - a potion of haste
 i - 2 potions of magic
 j - a potion of berserk rage
 n - a potion of lignification {unknown}
Comestibles
 f - a bread ration
 o - 4 fruits


   Skills:
 + Level 6.7 Fighting
 + Level 5.2 Axes
 + Level 6.6 Armour
 + Level 0.2 Dodging
 + Level 6.8 Shields
 + Level 0.3 Evocations


You had 3 spell levels left.
You didn't know any spells.

Dungeon Overview and Level Annotations

Branches:
Dungeon (1/1)

Altars:
Cheibriados
Dithmenos
Elyvilon
Gozag
Hepliaklqana
Kikubaaqudgha
Makhleb
Nemelex Xobeh
Okawaru
Qazlal
Ru
Sif Muna
Trog
Uskayaw
Vehumet
Xom
Yredelemnul
Zin
The Shining One
Beogh
Jiyva
Lugonu

Annotations:
D exclusion: oklob sapling


Innate Abilities, Weirdness & Mutations

You reflexively headbutt those who attack you in melee.
You have a pair of horns on your head.


Message History

You fail to use your ability.
Unknown command.
Unknown command.
You fade into invisibility!
You are very lightly contaminated with residual magic.
You feel quite a bit more hungry.
Unknown command.
Unknown command.
You open the door.
The oklob sapling wizard spits acid at something.
The splash of acid hits you! The acid corrodes you!
You are splashed with acid!
The acid burns!
There is an open door here.
You hit the oklob sapling wizard.
The oklob sapling wizard is lightly damaged.
The oklob sapling wizard spits acid at you.
The splash of acid hits you!
* * * LOW HITPOINT WARNING * * *
You are splashed with acid!
The acid burns!
You die...

###################
.#.⌠._._._._.⌠.#@(+
.'.._._._._._..'.P#
.#..._._._._...#..#
##.._._._._._..#.$#
#.⌠._._._._.⌠.####
###############


You could see an oklob sapling wizard.

Vanquished Creatures
  2 oklob saplings (D)
  A worker ant (D)
  A river rat (D)
  A rat (D)
5 creatures vanquished.

Notes
Turn   | Place    | Note
-------+----------+-------------------------------------------
     0 | D        | protoss039 the Minotaur Fighter began the quest for the Orb.
     0 | D        | Reached XP level 1. HP: 19/19 MP: 0/0
    10 | D        | Reached XP level 2. HP: 27/28 MP: 1/1
    18 | D        | Noticed an oklob sapling
    22 | D        | Killed an oklob sapling
    22 | D        | Reached skill level 5 in Fighting
    22 | D        | Reached skill level 5 in Armour
    22 | D        | Reached skill level 5 in Shields
    22 | D        | Reached XP level 3. HP: 36/36 MP: 2/2
   120 | D        | Found an opulent altar of Gozag.
   120 | D        | Found a hazy altar of Hepliaklqana.
   120 | D        | Found a burning altar of Makhleb.
   120 | D        | Found a roughly hewn altar of Beogh.
   120 | D        | Found a sparkling altar of Nemelex Xobeh.
   120 | D        | Found a snail-covered altar of Cheibriados.
   120 | D        | Found a sacrificial altar of Ru.
   120 | D        | Found a deep blue altar of Sif Muna.
   120 | D        | Found a shimmering altar of Xom.
   120 | D        | Found a basalt altar of Yredelemnul.
   125 | D        | Found a viscous altar of Jiyva.
   125 | D        | Found a bloodstained altar of Trog.
   125 | D        | Noticed an oklob sapling priest
   126 | D        | Found an iron altar of Okawaru.
   126 | D        | Found a shadowy altar of Dithmenos.
   126 | D        | Found a glowing silver altar of Zin.
   127 | D        | Found an ancient bone altar of Kikubaaqudgha.
   127 | D        | Found a hide-covered altar of Uskayaw.
   128 | D        | Found a stormy altar of Qazlal.
   128 | D        | Found a white marble altar of Elyvilon.
   128 | D        | Found a glowing golden altar of the Shining One.
   129 | D        | Found a corrupted altar of Lugonu.
   129 | D        | Found a radiant altar of Vehumet.
   134 | D        | Killed an oklob sapling priest
   134 | D        | Reached skill level 5 in Axes
   134 | D        | Reached XP level 4. HP: 16/45 MP: 0/3
   137 | D        | Became a worshipper of Warmaster Okawaru
   330 | D        | Splashed by an oklob sapling wizard's acid

Skill      XL: |  1  2  3 |
---------------+----------+-----
Fighting       | 4 5 6 |  6.7
Armour         | 4 5 6 |  6.6
Shields        | 4 5 6 |  6.8
Axes           | 3 5 |  5.2
Dodging        | |  0.2
Evocations     | |  0.3

Action                   |  1- 3 |  4- 6 || total
-------------------------+-------+-------++-------
Melee: War axe           |    19 |     1 ||    20
       Headbutt          |     3 |       ||     3
 Abil: Evoke Invisibilit |     1 |     1 ||     2
Armor: Scale mail        |     6 |     1 ||     7
Dodge: Dodged            |     3 |       ||     3
Block: Shield            |    11 |       ||    11
